 Dungeon Crawl Stone Soup version 0.29.1-15-g9cfb28693d (webtiles) character file.

Game seed: 17488574702145162947

374137 Sharkman1231 the Slayer (level 22, -1/187 (215) HPs)
             Began as a Hill Orc Cinder Acolyte on Apr 19, 2023.
             Was a High Priest of Ignis.
             Killed from afar by a shadow dragon (40 damage)
             ... with a bolt of negative energy
             ... on level 5 of the Vaults.
             The game lasted 00:51:24 (54086 turns).

Sharkman1231 the Slayer (Hill Orc Cinder Acolyte)  Turns: 54086, Time: 00:51:24

HP:   -1/187 (215)  AC: 35    Str: 33    XL:     22   Next: 73%
MP:   23/23         EV: 25    Int: 14    God:    Ignis [*****.]
Gold: 3180          SH: 21    Dex: 18    Spells: 23/23 levels left

rFire   + + +      SeeInvis +   a - +9 broad axe (vorpal)
rCold   + + .      Faith    .   v - +0 kite shield {rC+}
rNeg    . . .      Spirit   .   i - +6 swamp dragon scales of Sosm {rPois Will+ Str+4 Dex+4}
rPois   +          Reflect  +   z - +2 helmet {Int+3}
rElec   +          Harm     .   t - +2 cloak {Will+}
rCorr   +          Rampage  .   e - +1 pair of gloves of Dogma {*Slow rElec rPois Str+3}
Will    +++..                   F - +4 pair of boots "Veagith" {rF+ Stlth+}
Stlth   ++++++....              h - amulet of reflection
HPRegen 0.41/turn               B - ring "Hocs" {*Slow rElec rF++ Str+6 Int-3}
MPRegen 0.18/turn               b - ring "Ybosm" {rC+ rCorr EV+4 SInv}

@: slowed, studying 4 skills, heavily drained, very slow
A: no striking features
}: 2/15 runes: decaying, gossamer
a: Renounce Religion, Fiery Armour, Foxfire Swarm, Rising Flame


You were on level 5 of the Vaults.
You worshipped Ignis.
Ignis was extremely pleased with you.
You visited 6 branches of the dungeon, and saw 35 of its levels.
You also visited: Bailey, Gauntlet, Ice Cave and Desolation.

You collected 4043 gold pieces.
You spent 863 gold pieces at shops.

Inventory:

Hand Weapons
 a - a +9 vorpal broad axe (weapon)
 X - a +6 broad axe of freezing
Armour
 e - the +1 pair of gloves of Dogma (worn) {*Slow rElec rPois Str+3}
   (You found it in an ice cave)

   Str:       It affects your strength (+3).
   rElec:     It insulates you from electricity.
   rPois:     It protects you from poison.
   *Slow:     It may slow you when you take damage.
 i - the +6 swamp dragon scales of Sosm (worn) {rPois Will+ Str+4 Dex+4}
   (You took it off a minotaur in a Gauntlet)

   Str:       It affects your strength (+4).
   Dex:       It affects your dexterity (+4).
   rPois:     It protects you from poison.
   Will:      It increases your willpower.
 k - the +2 cloak of the Beginning {rElec Str+3}
   (You found it on level 3 of the Vaults)

   Str:       It affects your strength (+3).
   rElec:     It insulates you from electricity.
 t - a +2 cloak of willpower (worn)
 v - a +0 kite shield of cold resistance (worn)
 z - a +2 helmet of intelligence (worn)
 F - the +4 pair of boots "Veagith" (worn) {rF+ Stlth+}
   (You found it in a Gauntlet)

   rF:        It protects you from fire.
   Stlth:     It makes you more stealthy.
Jewellery
 b - the ring "Ybosm" (right hand) {rC+ rCorr EV+4 SInv}
   (You found it in the Desolation of Salt)

   [ring of evasion]

   EV:        It affects your evasion (+4).
   rC:        It protects you from cold.
   SInv:      It lets you see invisible.
   rCorr:     It protects you from acid and corrosion.
 h - an amulet of reflection (around neck)
 x - the ring "Rerycsax" {rN++ rCorr Str-4 Int+6 Stlth+}
   (You found it on level 9 of the Dungeon)

   [ring of intelligence]

   Str:       It affects your strength (-4).
   Int:       It affects your intelligence (+6).
   rN:        It greatly protects you from negative energy.
   rCorr:     It protects you from acid and corrosion.
   Stlth:     It makes you more stealthy.
 B - the ring "Hocs" (left hand) {*Slow rElec rF++ Str+6 Int-3}
   (You found it in an ice cave)

   [ring of strength]

   Str:       It affects your strength (+6).
   Int:       It affects your intelligence (-3).
   rF:        It greatly protects you from fire.
   rElec:     It insulates you from electricity.
   *Slow:     It may slow you when you take damage.
 C - the ring "Aguwkip" {rCorr EV+4 Str+2}
   (You took it off a tengu reaver on level 5 of the Vaults)

   [ring of evasion]

   EV:        It affects your evasion (+4).
   Str:       It affects your strength (+2).
   rCorr:     It protects you from acid and corrosion.
 P - a +6 ring of strength
 T - an amulet of guardian spirit
Wands
 f - a wand of digging (6)
 s - a wand of flame (61)
 E - a wand of mindburst (34)
 O - a wand of charming (39)
 Q - a wand of roots (30)
 S - a wand of quicksilver (9)
 V - a wand of polymorph (20)
Scrolls
 g - 8 scrolls of magic mapping
 m - 3 scrolls of immolation
 p - 7 scrolls of poison
 q - 5 scrolls of silence
 y - 6 scrolls of enchant armour
 G - 9 scrolls of fog
 L - 3 scrolls of summoning
 M - 10 scrolls of teleportation
 N - 5 scrolls of vulnerability
 U - 10 scrolls of blinking
 W - 4 scrolls of torment
 Y - 4 scrolls of fear
Potions
 c - 7 potions of ambrosia
 d - 22 potions of curing
 j - 6 potions of haste
 l - 12 potions of mutation
 n - 10 potions of brilliance
 o - 7 potions of attraction
 r - 8 potions of flight
 u - 12 potions of heal wounds
 w - 5 potions of resistance
 A - 9 potions of lignification
 D - 5 potions of cancellation
 H - 11 potions of might
 I - 2 potions of invisibility
 J - 3 potions of magic
 K - a potion of berserk rage
Miscellaneous
 R - a piece from Xom's chessboard (15/15)


   Skills:
 - Level 21.9 Fighting
 - Level 6.0 Short Blades
 - Level 18.0 Axes
 - Level 18.7 Armour
 - Level 15.5 Dodging
 - Level 13.1 Stealth
 + Level 20.3 Shields
 - Level 1.0 Spellcasting
 - Level 3.3 Fire Magic
 - Level 10.9 Evocations


You had 23 spell levels left.
You didn't know any spells.
Your spell library contained the following spells:

 Spells                   Type           Power      Damage    Failure   Level
 Scorch                   Fire           20%        2d6       17%         2
 Apportation              Tloc           0%         N/A       41%         1
 Beastly Appendage        Tmut           0%         N/A       41%         1
 Sting                    Tmut/Pois      0%         1d3       41%         1
 Summon Small Mammal      Summ           0%         N/A       41%         1
 Ensorcelled Hibernation  Hex/Ice        0%         N/A       54%         2
 Poisonous Vapours        Pois/Air       0%         N/A       54%         2
 Static Discharge         Conj/Air       0%         3-3/arc   54%         2
 Wereblood                Tmut           0%         N/A       54%         2
 Conjure Flame            Conj/Fire      5%         6-21      54%         3
 Inner Flame              Hex/Fire       5%         N/A       54%         3
 Ignite Poison            Fire/Tmut/Pois 3%         N/A       63%         3
 Call Canine Familiar     Summ           0%         N/A       78%         3
 Portal Projectile        Hex/Tloc       0%         N/A       78%         3
 Spider Form              Tmut/Pois      0%         N/A       78%         3
 Summon Guardian Golem    Hex/Summ       0%         N/A       78%         3
 Tukima's Dance           Hex            0%         N/A       78%         3
 Sticky Flame             Conj/Fire      5%         2d3       91%         4
 Anguish                  Hex/Necr       0%         N/A       99%         4
 Animate Dead             Necr           0%         N/A       99%         4
 Cause Fear               Hex            0%         N/A       99%         4
 Corpse Rot               Necr/Pois/Air  0%         N/A       99%         4
 Dispel Undead            Necr           0%         3d6       99%         4
 Leda's Liquefaction      Hex/Erth       0%         N/A       99%         4
 Petrify                  Tmut/Erth      0%         N/A       99%         4
 Summon Ice Beast         Ice/Summ       0%         N/A       99%         4
 Alistair's Intoxication  Tmut/Pois      0%         N/A       100%        5
 Blade Hands              Tmut           0%         N/A       100%        5
 Lee's Rapid Deconstruct  Erth           0%         3d5*      100%        5
 Metabolic Englaciation   Hex/Ice        0%         N/A       100%        5
 Summon Forest            Summ/Tloc      0%         N/A       100%        5
 Eringya's Noxious Bog    Tmut/Pois      0%         N/A       100%        6
 Statue Form              Tmut/Erth      0%         N/A       100%        6
 Haunt                    Necr/Summ      0%         N/A       100%        7
 Summon Hydra             Summ           0%         N/A       100%        7
 Discord                  Hex            0%         N/A       100%        8
 Infestation              Necr           0%         N/A       100%        8


Dungeon Overview and Level Annotations

Branches:
Dungeon (15/15)            Temple (0/1) D:6            Lair (5/5) D:11
  Swamp (4/4) Lair:2       Spider (4/4) Lair:3        Slime (0/5) Lair:4
    Orc (2/2) D:12            Elf (0/3) Orc:2        Vaults (5/5) D:14
  Crypt (0/3) Vaults:3     Depths (0/4) D:15         Bailey (visited)
  IceCv (visited)         Desolation (visited)      Gauntlet (visited)

Altars:
Cheibriados
Elyvilon
Hepliaklqana
Kikubaaqudgha
Makhleb
Okawaru
Uskayaw
Vehumet
Yredelemnul
Beogh

Shops:
D:1 *   D:5 *   D:7 (   D:12 [   Orc:1 (   Orc:2 !=[?   Vaults:3 ?

Portals:
Abyss: D:6

Annotations:
D:4 1 runed translucent door, Rangus's ghost, amateur PaWr
D:6 2 transporters, Seidenschwarz's ghost, novice MiFi
Swamp:3 2 transporters, Ricegish's ghost, adept GnFi


Message History

The shadow dragon bites you!
The shadow dragon claws you but does no damage.
You block the shadow dragon's attack.
The shadow dragon breathes negative energy at you.
The bolt of negative energy hits you!!!
You feel drained.
* * * LOW HITPOINT WARNING * * *
You block the vault warden's attack.
You hit the vault warden.
The vault warden is moderately wounded.
You slice the shadow dragon!!
You block the shadow dragon's attack. x2
The shadow dragon claws you but does no damage.
You block the vault warden's attack.
You are too injured to fight recklessly!
You slice the vault warden!!
The vault warden is severely wounded.
You hit the shadow dragon. The shadow dragon misses you.
The shadow dragon barely misses you. You block the shadow dragon's attack.
The vault warden hits you with a +2 glaive of pain!
* * * LOW HITPOINT WARNING * * *
You writhe in agony!
* * * LOW HITPOINT WARNING * * *
You closely miss the shadow dragon.
The shadow dragon is moderately wounded.
You slice the vault warden!!
You kill the vault warden!
You block the shadow dragon's attack. x2; The shadow dragon barely misses you.
You hit the shadow dragon but do no damage.
The shadow dragon is moderately wounded.
You block the shadow dragon's attack. x2
The shadow dragon completely misses you.
You hit the shadow dragon.
The shadow dragon is moderately wounded.
The shadow dragon completely misses you.
The shadow dragon claws you but does no damage.
You block the shadow dragon's attack.
You slash the shadow dragon!
The shadow dragon is moderately wounded.
The shadow dragon breathes negative energy at you.
The bolt of negative energy hits you!!!
You feel drained.
You die...

###############
...............
.............
##........###############
.......)@.(.............#
...#...D#.)............##
#....#()............#
#....#...####.......#
#....#..... ###.....##
#....#...... ##.....#
#....####..... #.....#
#....# #.... ##..... ....
#.....


You could see a shadow dragon (catching breath).

Vanquished Creatures
  the Lernaean hydra (Swamp:4)
  Nikola (Swamp:3)
  A golden dragon (Vaults:5)
  6 tentacled monstrosities
  A lich (Vaults:5)
  6 titans (Vaults:5)
  6 sphinxes
  A shadow dragon (Vaults:5)
  2 thorn hunters
  3 storm dragons
  4 tengu reavers (Vaults:5)
  An azure jelly (IceCv)
  2 frost giants (Vaults:5)
  16 vault wardens
  5 emperor scorpions
  The ghost of Jingleheimer the Warrior, an adept VSFi of Wu Jian (Swamp:4)
  An orc warlord (Orc:2)
  A fenstrider witch (Swamp:4)
  2 iron dragons (Vaults:5)
  6 imperial myrmidons (Desolation)
  6 ghost moths
  A ghoul (Swamp:4)
  16 very ugly things
  17 ironbound preservers
  3 quicksilver oozes (IceCv)
  A war gargoyle (Vaults:4)
  8 stone giants
  5 eleionomae
  A broodmother (Spider:1)
  2 bunyips (Swamp:3)
  4 ironbound thunderhulks
  A deep elf demonologist (Vaults:5)
  6 dire elephants
  An entropy weaver (Spider:3)
  Azrael (Spider:1)
  A minotaur (Gauntlet)
  A halazid warlock (Desolation)
  3 spark wasps (Spider:4)
  Josephine (D:14)
  9 ettins
  A shambling mangrove (Swamp:4)
  6 great orbs of eyes
  6 ragged hierophants (Desolation)
  2 deep elf high priests
  14 yaktaur captains
  8 boulder beetles
  Erolcha (Orc:2)
  28 vault guards
  2 catoblepae (Lair:5)
  Fannar (D:11)
  6 servants of whispers (Desolation)
  27 hydras
  Erica (D:11)
  5 ghost crabs
  7 ogre magi
  11 peacekeepers
  24 centaur warriors
  5 ironbound frosthearts
  9 two-headed ogres
  A death knight (D:14)
  6 alligators
  2 jorogumos (Spider:4)
  2 radroaches
  15 death yaks
  3 tengu warriors
  2 deep troll earth magi
  A deep troll shaman (Lair:5)
  Urug (Lair:1)
  A hell knight (Vaults:5)
  An orc high priest (Orc:1)
  2 sun moths
  7 skeletal warriors (Vaults:3)
  7 spriggans
  7 pharaoh ants
  A storm dragon skeleton (Vaults:3)
  44 deep trolls
  A steelbarb worm (shapeshifter) (Vaults:5)
  4 goliath frogs
  4 spriggan druids
  7 steelbarb worms
  A glowing orange brain (Vaults:3)
  9 lindwurms
  12 swamp dragons
  11 orb spiders
  7 orc knights
  3 phantasmal warriors (Vaults:2)
  17 bog bodies
  13 ironbound convokers
  Pikel (D:4)
  9 wizards
  5 harpies (Vaults:2)
  3 necromancers
  4 deep elf pyromancers
  A deep elf zephyrmancer (D:13)
  A human zombie (Vaults:5)
  15 wolf spiders
  8 orc sorcerers
  A fire giant zombie (Vaults:5)
  7 manticores
  A salamander (shapeshifter) (D:15)
  2 tengu skeletons (Vaults:3)
  21 ugly things
  7 oklob plants
  3 will-o-the-wisps
  4 moths of wrath
  7 cyclopes
  A sphinx skeleton (Vaults:3)
  A frost giant skeleton (Vaults:3)
  4 black mambas
  16 elephants
  19 vault sentinels
  A fire giant skeleton (Vaults:3)
  A smoke demon (D:14)
  A guardian serpent (shapeshifter) (Vaults:5)
  3 guardian serpents (Desolation)
  2 ice statues (IceCv)
  5 torpor snails
  2 gargoyles
  An unseen horror (D:13)
  A yaktaur (shapeshifter) (D:15)
  3 rime drakes
  8 cane toads
  A kobold demonologist (D:11)
  2 efreet
  4 demonic crawlers
  A freezing wraith (Vaults:2)
  2 tengu conjurers (D:12)
  7 komodo dragons
  5 yaktaurs
  9 trolls
  2 human skeletons
  6 meliai
  14 hornets
  4 polar bears
  13 tyrant leeches
  12 tarantellas
  8 blink frogs
  45 saltlings (Desolation)
  14 dream sheep
  62 slime creatures
  18 jumping spiders
  8 basilisks
  A shadow (D:10)
  An ettin skeleton (Vaults:3)
  An elf zombie (Vaults:5)
  3 fire elementals (Spider:1)
  2 wyverns
  A vampire (D:13)
  8 wraiths
  12 culicivoras
  A steam dragon (D:9)
  59 redbacks
  54 yaks
  A death yak simulacrum (Lair:3)
  A human (D:12)
  6 vampire mosquitoes
  2 wargs (D:12)
  14 swamp worms
  A swamp worm (shapeshifter) (D:15)
  3 acid dragons
  19 water moccasins
  An ogre skeleton (Vaults:3)
  3 hell hounds (Spider:1)
  2 glowing shapeshifter skeletons (Vaults:3)
  8 small abominations (Gauntlet)
  3 black bears
  10 swamp drakes (Swamp:4)
  27 orc warriors
  2 ice beasts
  2 great orb of eyes simulacra (IceCv)
  25 wolves
  8 ogres
  3 centaurs
  3 kobold brigands
  2 lemures (D:4)
  2 phantoms
  3 slime creature simulacra (IceCv)
  11 bullfrogs
  A gnoll sergeant (D:10)
  6 scorpions
  3 glowing shapeshifter simulacra (IceCv)
  A cane toad simulacrum (Lair:3)
  3 necrophages
  5 wights
  A human simulacrum (Vaults:5)
  3 elephant simulacra (Lair:3)
  3 killer bees (D:10)
  9 electric eels
  6 howler monkeys
  4 hounds
  8 jellies
  12 orc priests
  Crazy Yiuf (D:3)
  A gnoll bouda (D:8)
  Jessica (D:3)
  4 iguanas (D:5)
  An iguana (shapeshifter) (Vaults:5)
  28 orc wizards
  A wolf simulacrum (Lair:3)
  3 shapeshifter simulacra (IceCv)
  Robin (D:4)
  12 gnolls
  7 adders
  A white imp (D:6)
  An ufetubus (D:6)
  8 worms
  2 dart slugs
  84 orcs
  8 bats
  19 endoplasms
  15 goblins
  7 hobgoblins
  2 jackals (D:5)
  A quokka (D:1)
  10 ball pythons
  2 frilled lizards (D:1)
  11 kobolds
  3 rats
  27 briar patches
1548 creatures vanquished.

Vanquished Creatures (collateral kills)
  A lindwurm (Vaults:2)
  2 slime creatures (Vaults:2)
3 creatures vanquished.

Vanquished Creatures (others)
  A sphinx (Vaults:5)
  A thorn hunter (Swamp:3)
  An ironbound preserver (Vaults:1)
  A very ugly thing (Vaults:2)
  An ironbound thunderhulk (Vaults:2)
  2 alligators
  2 goliath frogs (Swamp:3)
  A death drake (Swamp:3)
  2 spriggan druids (Swamp:3)
  2 swamp dragons (Swamp:4)
  2 lindwurms (Vaults:2)
  A wolf spider (Spider:3)
  2 slime creatures (Vaults:2)
  3 spriggans (Swamp:3)
  5 swamp worms (Swamp:3)
  A great orb of eyes simulacrum (IceCv)
  A glowing shapeshifter simulacrum (IceCv)
  An orc (Orc:2)
  2 briar patches (Swamp:1)
  6 foxfires (Swamp:4)
  37 fungi
  51 plants
126 creatures vanquished.

Grand Total: 1677 creatures vanquished

Notes
Turn   | Place    | Note
-------+----------+-------------------------------------------
     0 | D:1      | Sharkman1231 the Hill Orc Cinder Acolyte began the quest
                  | for the Orb.
     0 | D:1      | Reached XP level 1. HP: 19/19 MP: 2/2
   211 | D:1      | Reached XP level 2. HP: 27/27 MP: 3/3
   471 | D:1      | Found a faded altar of an unknown god.
   760 | D:1      | Found Ysaxu's General Store.
   783 | D:1      | Bought a scroll of identify for 28 gold pieces
  1134 | D:2      | Reached XP level 3. HP: 25/33 MP: 4/4
  1144 | D:2      | Reached skill level 4 in Fighting
  1144 | D:2      | Reached skill level 1 in Short Blades
  1144 | D:2      | Reached skill level 1 in Armour
  1923 | D:3      | Reached XP level 4. HP: 40/40 MP: 5/5
  1944 | D:3      | Noticed Jessica
  1954 | D:3      | Killed Jessica
  1955 | D:3      | Reached skill level 5 in Axes
  2248 | D:3      | Found a runed translucent door.
  2249 | D:3      | Noticed Crazy Yiuf
  2261 | D:3      | Killed Crazy Yiuf
  2611 | D:3      | Reached XP level 5. HP: 28/47 MP: 6/6
  3117 | D:3      | Found a snail-covered altar of Cheibriados.
  3525 | D:4      | Noticed a phantom
  3561 | D:4      | Killed a phantom
  3562 | D:4      | Reached skill level 5 in Fighting
  3562 | D:4      | Reached XP level 6. HP: 26/56 MP: 7/7
  3834 | D:4      | Noticed Robin
  3876 | D:4      | Killed Robin
  4104 | D:4      | Found a runed translucent door.
  4104 | D:4      | Noticed Rangus's ghost (amateur PaWr)
  4503 | D:4      | Reached XP level 7. HP: 32/61 MP: 8/8
  4836 | D:4      | Noticed Pikel
  4904 | D:4      | Killed Pikel
  4905 | D:4      | Reached skill level 6 in Fighting
  4905 | D:4      | Reached XP level 8. HP: 34/71 MP: 9/9
  5454 | D:5      | Entered Level 5 of the Dungeon
  5567 | D:5      | Found a burning altar of Makhleb.
  5877 | D:5      | Found Keobad's Neck Hole.
  6376 | D:5      | Reached skill level 5 in Armour
  6535 | D:5      | Reached skill level 7 in Fighting
  6726 | D:5      | Reached skill level 5 in Short Blades
  7259 | D:6      | Found a white marble altar of Elyvilon.
  7345 | D:6      | Found a transporter.
  7357 | D:6      | Reached XP level 9. HP: 73/78 MP: 10/10
  7442 | D:6      | Found a transporter.
  7442 | D:6      | Found a one-way gate to the infinite horrors of the Abyss.
  7442 | D:6      | Noticed Seidenschwarz's ghost (novice MiFi)
  7443 | D:6      | Noticed a cyan ugly thing
  7511 | D:6      | Found a staircase to the Ecumenical Temple.
  7657 | D:6      | Found a hazy altar of Hepliaklqana.
  8000 | D:7      | Reached skill level 8 in Fighting
  9065 | D:7      | Found Hoxean's Antique Weapon Emporium.
  9772 | D:8      | Reached skill level 9 in Fighting
  9784 | D:8      | Reached skill level 10 in Axes
  9792 | D:8      | Reached XP level 10. HP: 59/91 MP: 11/11
 10392 | D:8      | Identified a scroll of acquirement
 10401 | D:8      | Reached skill level 10 in Fighting
 10401 | D:8      | Acquired a +3 vorpal broad axe
 10567 | D:8      | Found an iron altar of Okawaru.
 10794 | D:9      | Found a hide-covered altar of Uskayaw.
 10876 | D:9      | Noticed a tengu warrior
 10876 | D:9      | Noticed a tengu warrior
 10895 | D:9      | Killed a tengu warrior
 10899 | D:9      | Killed a tengu warrior
 10920 | D:9      | Identified the ring "Rerycsax" {rN++ rCorr Str-4 Int+6
                  | Stlth+}
 10974 | D:9      | Found a flagged portal.
 10983 | D:9      | Reached skill level 1 in Shields
 10992 | Bailey   | Entered a bailey
 11299 | Bailey   | Noticed an orc knight
 11299 | Bailey   | Noticed an orc knight
 11345 | Bailey   | Killed an orc knight
 11457 | Bailey   | Killed an orc knight
 11458 | Bailey   | Reached XP level 11. HP: 51/99 MP: 12/12
 11667 | Bailey   | Noticed an orc knight
 11679 | Bailey   | Killed an orc knight
 11680 | Bailey   | Reached skill level 5 in Shields
 11930 | D:9      | Noticed a red ugly thing
 11940 | D:9      | Killed a red ugly thing
 12461 | D:10     | Entered Level 10 of the Dungeon
 13176 | D:11     | Noticed Erica
 13181 | D:11     | Noticed Fannar
 13189 | D:11     | Killed Erica
 13203 | D:11     | Killed Fannar
 13204 | D:11     | Reached skill level 15 in Axes
 13270 | D:11     | Found a gate leading to a gauntlet.
 13275 | Gauntlet | Entered a Gauntlet
 13275 | Gauntlet | Found a transporter.
 13451 | Gauntlet | Found a transporter.
 13453 | Gauntlet | Found a transporter.
 13458 | Gauntlet | Found a runed translucent door.
 13460 | Gauntlet | Found a runed translucent door.
 13461 | Gauntlet | Found the +6 lightning scales {swift, rElec}
 13463 | Gauntlet | Found a transporter.
 13466 | Gauntlet | Found a transporter.
 13468 | Gauntlet | Noticed a wizard
 13470 | Gauntlet | Noticed a wizard
 13475 | Gauntlet | Found a transporter.
 13489 | Gauntlet | Found a runed translucent door.
 13489 | Gauntlet | Noticed a moth of wrath
 13491 | Gauntlet | Found a transporter.
 13502 | Gauntlet | Found a transporter.
 13509 | Gauntlet | Noticed a hell beast
 13513 | Gauntlet | Found a transporter.
 13517 | Gauntlet | Found a runed translucent door.
 13532 | Gauntlet | Found a transporter.
 13535 | Gauntlet | Noticed a sixfirhy
 13542 | Gauntlet | Found a transporter.
 13545 | Gauntlet | Found a transporter.
 13585 | Gauntlet | Found a transporter.
 13593 | Gauntlet | Found a runed translucent door.
 13599 | Gauntlet | Found a transporter.
 13773 | Gauntlet | Killed a moth of wrath
 13782 | Gauntlet | Identified the +4 pair of boots "Veagith" {rF+ Stlth+}
 14002 | Gauntlet | Identified the +6 swamp dragon scales of Sosm {rPois Will+
                  | Str+4 Dex+4}
 14002 | Gauntlet | Noticed a minotaur
 14022 | Gauntlet | Killed a minotaur
 14076 | Gauntlet | Got Dispater's Incunabulum of the Comitatus
 14300 | D:11     | Found a staircase to the Lair.
 14307 | D:11     | Reached XP level 12. HP: 106/106 MP: 13/13
 14409 | D:11     | Noticed a two-headed ogre
 14416 | D:11     | Killed a two-headed ogre
 14632 | D:11     | Reached skill level 1 in Evocations
 15289 | D:12     | Noticed an eight-headed hydra
 15317 | Lair:1   | Entered Level 1 of the Lair of Beasts
 15326 | Lair:1   | Noticed a five-headed hydra
 15336 | Lair:1   | Killed a one-headed hydra
 15532 | D:12     | Reached skill level 5 in Evocations
 15573 | D:12     | Killed a one-headed hydra
 15855 | D:12     | Noticed a two-headed ogre
 15860 | D:12     | Killed a two-headed ogre
 15886 | D:12     | Found a staircase to the Orcish Mines.
 15892 | D:12     | Noticed a two-headed ogre
 15902 | D:12     | Killed a two-headed ogre
 16119 | D:12     | Found Wiboiser's Antique Armour Shop.
 16219 | D:13     | Reached XP level 13. HP: 95/113 MP: 14/14
 16650 | D:13     | Reached skill level 10 in Evocations
 17268 | D:13     | Reached skill level 1 in Dodging
 18119 | D:14     | Reached skill level 11 in Fighting
 18191 | D:14     | Noticed Josephine
 18212 | D:14     | Killed Josephine
 18455 | D:14     | Identified the +1 scale mail "Amerapp" {rElec Dex+4}
 18595 | D:14     | Found a burning altar of Makhleb.
 19223 | D:14     | Reached skill level 12 in Fighting
 19253 | D:14     | Noticed an ironbound preserver
 19259 | D:14     | Reached skill level 5 in Dodging
 19259 | D:14     | Reached XP level 14. HP: 106/126 MP: 15/15
 19276 | D:14     | Killed an ironbound preserver
 19279 | D:14     | Found a gate to the Vaults.
 19883 | D:15     | Entered Level 15 of the Dungeon
 19895 | D:15     | Reached skill level 13 in Fighting
 20584 | D:15     | Found a staircase to the Depths.
 21849 | Lair:1   | Reached skill level 14 in Fighting
 22350 | Lair:1   | Noticed Urug
 22364 | Lair:1   | Killed Urug
 22647 | Lair:2   | Identified the +8 whip "Cuwelumm" {venom, rPois MP-9 Str+5}
 23042 | Lair:2   | Acquired a +0 broad axe of flaming
 23125 | Lair:2   | Reached skill level 15 in Fighting
 23237 | Lair:2   | Found a staircase to the Swamp.
 23552 | Lair:3   | Reached XP level 15. HP: 135/141 MP: 16/16
 23571 | Lair:3   | Found a frozen archway.
 23594 | IceCv    | Entered an ice cave
 23692 | IceCv    | Identified the +2 helmet of the Planets {-Tele Rampage rC+
                  | rCorr}
 23694 | IceCv    | Identified the +1 pair of gloves of Dogma {*Slow rElec
                  | rPois Str+3}
 24154 | IceCv    | Found a viscous altar of Jiyva.
 24154 | IceCv    | Noticed an azure jelly
 24165 | IceCv    | Killed an azure jelly
 24166 | IceCv    | Reached skill level 10 in Dodging
 24187 | IceCv    | Identified the +1 robe of Repulsion {Archmagi}
 24188 | IceCv    | Identified the ring "Hocs" {*Slow rElec rF++ Str+6 Int-3}
 24546 | Lair:3   | Found a hole to the Spider Nest.
 24655 | Lair:3   | Identified the +7 halberd "Ohojab" {drain, rCorr}
 24683 | Lair:3   | Identified the +5 plate armour of Wonder {Rampage rPois
                  | Will-}
 25821 | Lair:4   | Found a staircase to the Slime Pits.
 25992 | Lair:4   | Reached skill level 10 in Armour
 26409 | Lair:5   | Entered Level 5 of the Lair of Beasts
 26892 | Lair:5   | Reached skill level 10 in Shields
 26892 | Lair:5   | Reached XP level 16. HP: 149/149 MP: 17/17
 26909 | Lair:5   | Got Umiubus's Treatise on Mutable Generation
 29195 | Orc:1    | Entered Level 1 of the Orcish Mines
 29523 | Orc:1    | Found Famihoge's Weapon Shoppe.
 29552 | Orc:1    | Found a roughly hewn altar of Beogh.
 29813 | Orc:2    | Entered Level 2 of the Orcish Mines
 30396 | Orc:2    | Found a staircase to the Elven Halls.
 30521 | Orc:2    | Found an ancient bone altar of Kikubaaqudgha.
 30536 | Orc:2    | Found Deyschesm's Jewellery Shoppe.
 30552 | Orc:2    | Found a radiant altar of Vehumet.
 30553 | Orc:2    | Noticed Erolcha
 30563 | Orc:2    | Killed Erolcha
 30806 | Orc:2    | Found Teutien's Distillery.
 30823 | Orc:2    | Bought 2 potions of curing for 66 gold pieces
 30823 | Orc:2    | Bought a potion of curing for 33 gold pieces
 30823 | Orc:2    | Bought a potion of might for 44 gold pieces
 30823 | Orc:2    | Bought a potion of mutation for 88 gold pieces
 30853 | Orc:2    | Found a roughly hewn altar of Beogh.
 30853 | Orc:2    | Found Ulomuyc's Antique Armour Shoppe.
 30903 | Orc:2    | Found Axithrac's Magic Scroll Emporium.
 30911 | Orc:2    | Bought a scroll of teleportation for 45 gold pieces
 30911 | Orc:2    | Bought a scroll of magic mapping for 112 gold pieces
 30911 | Orc:2    | Bought a scroll of teleportation for 45 gold pieces
 30911 | Orc:2    | Bought a scroll of immolation for 60 gold pieces
 30911 | Orc:2    | Bought a scroll of blinking for 112 gold pieces
 31236 | Spider:1 | Entered Level 1 of the Spider Nest
 31311 | Spider:1 | Reached skill level 15 in Shields
 31337 | Spider:1 | Noticed Azrael
 31344 | Spider:1 | Killed Azrael
 31759 | Spider:1 | Reached XP level 17. HP: 144/156 MP: 18/18
 33744 | Spider:3 | Reached skill level 16 in Fighting
 34305 | Spider:4 | Entered Level 4 of the Spider Nest
 36097 | Spider:4 | Reached skill level 17 in Fighting
 36105 | Spider:4 | Reached XP level 18. HP: 129/169 MP: 4/19
 36148 | Spider:4 | Got a gossamer rune of Zot
 36585 | Swamp:1  | Entered Level 1 of the Swamp
 38594 | Swamp:3  | Found a transporter.
 38620 | Swamp:3  | Noticed Nikola
 38646 | Swamp:3  | Noticed Ricegish's ghost (adept GnFi)
 39031 | Swamp:3  | Killed Nikola
 39136 | Swamp:3  | Found a transporter.
 39191 | Swamp:3  | Reached skill level 18 in Fighting
 39992 | Swamp:4  | Entered Level 4 of the Swamp
 40551 | Swamp:4  | Reached skill level 15 in Armour
 41074 | Swamp:4  | Noticed the 27-headed Lernaean hydra
 41090 | Swamp:4  | Killed the 22-headed Lernaean hydra
 41091 | Swamp:4  | Reached XP level 19. HP: 111/181 MP: 20/20
 41104 | Swamp:4  | Got a decaying rune of Zot
 41527 | Swamp:4  | Found a runed translucent door.
 41530 | Swamp:4  | Noticed Jingleheimer's ghost (adept VSFi)
 41530 | Swamp:4  | Identified the +6 spear of Vanity {vorpal, Fly}
 41837 | Swamp:4  | Found a basalt altar of Yredelemnul.
 42039 | Swamp:4  | Noticed a tentacled monstrosity
 42042 | Swamp:4  | Paralysed by a hornet for 2 turns
 42239 | Swamp:4  | Killed a tentacled monstrosity
 42258 | Swamp:4  | Killed Jingleheimer's ghost
 42259 | Swamp:4  | Reached skill level 19 in Fighting
 42756 | Vaults:1 | Entered Level 1 of the Vaults
 44886 | Vaults:2 | Reached skill level 20 in Fighting
 44967 | Vaults:2 | Reached XP level 20. HP: 80/193 MP: 21/21
 47638 | Vaults:3 | Reached skill level 21 in Fighting
 48299 | Vaults:3 | Reached skill level 15 in Dodging
 48488 | Vaults:3 | Found Engae's Magic Scroll Shoppe.
 48489 | Vaults:3 | Identified the +2 cloak of the Beginning {rElec Str+3}
 48496 | Vaults:3 | Bought a scroll of fog for 40 gold pieces
 48496 | Vaults:3 | Bought a scroll of blinking for 75 gold pieces
 48496 | Vaults:3 | Bought a scroll of fog for 40 gold pieces
 48496 | Vaults:3 | Bought a scroll of magic mapping for 75 gold pieces
 48916 | Vaults:3 | Found a staircase to the Crypt.
 49075 | Vaults:4 | Acquired a manual of Fire Magic
 49153 | Vaults:4 | Found a crumbling gateway.
 49165 | Desolati | Entered the Desolation of Salt
 49181 | Desolati | Reached XP level 21. HP: 201/205 MP: 22/22
 49338 | Desolati | Identified the ring "Ybosm" {rC+ rCorr EV+4 SInv}
 50052 | Desolati | Identified the +5 spear of Excruciating Pain {venom, *Rage
                  | Drain rElec Int+7}
 50267 | Desolati | Identified the +7 spear of Propriety {vorpal, rC+ MP+9}
 50330 | Desolati | Reached skill level 1 in Stealth
 50330 | Desolati | Found the +8 arc blade {discharge, rElec}
 50331 | Desolati | Identified the +7 spear of Sandy Valour {holy, Fragile Fly
                  | rPois rN+}
 50909 | Vaults:4 | Reached skill level 5 in Stealth
 51113 | Vaults:4 | Identified the +4 mace "Puts" {antimagic, *Rage rN+ rCorr}
 51879 | Vaults:5 | Entered Level 5 of the Vaults
 51887 | Vaults:5 | Reached skill level 10 in Stealth
 51894 | Vaults:5 | Noticed a golden dragon
 52302 | Vaults:5 | Reached XP level 22. HP: 102/215 MP: 23/23
 52363 | Vaults:5 | Identified the +1 battleaxe of Doom {elec, rF++ Int+5
                  | Dex-2}
 52720 | Vaults:5 | Acquired a manual of Shields
 53305 | Vaults:5 | Identified the +3 great sword "Gathre Jimihu" {vamp, rN++
                  | Str+2}
 53837 | Vaults:5 | Identified the ring "Aguwkip" {rCorr EV+4 Str+2}
 53946 | Vaults:5 | Identified the +1 swamp dragon scales of the Beekeeper
                  | {rPois Dex+4}
 54059 | Vaults:5 | Killed a golden dragon
 54059 | Vaults:5 | Identified the ring of Incredulity {rC+ Will+ Dex+4}
 54086 | Vaults:5 | Killed from afar by a shadow dragon

Illustrated notes

Levels and vault maps discovered:
D:1:      amcnicky_arrival_single_pillar, layout_basic,
          shapermc_ecumenical_altar_ellora, serial_shops, shop
D:2:      layout_rooms
D:3:      layout_loops_cross, amcnicky_altar_gilded, uniq_crazy_yiuf_cottage,
          uniq_jessica
D:4:      layout_basic, gammafunk_ghost_grave, uniq_pikel, uniq_robin
D:5:      minmay_diamond_boxcup, layout_cave_pools,
          mainiacjoe_overflow_concentric_impassable, kennysheep_donut,
          nicolae_shop_sticking_my_neck_out
D:6:      layout_rooms, elyvilon_altar_1, mainiacjoe_overflow_alcove_2,
          minmay_temple_entry_hall, gammafunk_ghost_abyssal_escape
D:7:      layout_loops_ring, serial_shops, nicolae_shop_crystal
D:8:      layout_basic, mainiacjoe_overflow_24_doors, minivault_14
D:9:      layout_irregular_city, lemuel_tele_altar, enter_bailey_2
D:10:     layout_cross
D:11:     layout_loops_ring, david_lair_generic, gauntlet_entry_generic,
          uniq_erica, uniq_fannar
D:12:     layout_roguey, erik_orc_4, serial_shops, nicolae_shop_stone
D:13:     layout_rooms, minmay_hollow_rounded_squares
D:14:     layout_basic, skrybe_vaults_entry_preservation, minivault_25,
          demons_altar, uniq_josephine
D:15:     hangedman_depths_entry_civil_slaughter, layout_irregular_city,
          nicolae_concentric_dashed_squares_wild
Lair:1:   layout_cave_pods, infiniplex_staircase_pool, uniq_urug
Lair:2:   layout_misc_corridors, minmay_swamp_entry_reptiles,
          nicolae_lair_grazing_beasts [nicolae_sub_lair_graze_edge,
          nicolae_sub_lair_graze_edge, nicolae_sub_lair_graze_edge,
          nicolae_sub_lair_graze_edge], grunt_megastairs_3, serial_bayou_shore_a
Lair:3:   layout_cave_pods, nicolae_spider_entry_non_spiders,
          portal_ice_cave_entry_ice_simulacra, beast_lair_carwin_7
Lair:4:   lemuel_slime, layout_regular_city, dpeg_slime_entry_enclosed
Lair:5:   grunt_lair_end_beastmaster, layout_long_grid, dpeg_oklob_1
Swamp:1:  layout_basic_swamp, evilmike_swamp_ruin_rubble_2
Swamp:2:  layout_falls_marsh, hangedman_swamp_ruin_wall
Swamp:3:  layout_falls_marsh, gammafunk_ghost_berserking_beasts,
          evilmike_swamp_ruin_house_1, swamp_pool1, nicolae_swamp_triple_paths,
          nicolae_swamp_no_escape, uniq_nikola
Swamp:4:  grunt_swamp_rune_castle, layout_basic_swamp,
          ebering_ghost_funeral_grove, swamp_pool5, grunt_ruined_hall
Spider:1: layout_spider_delve, uniq_azrael
Spider:2: layout_cave_pods
Spider:3: layout_spider_delve
Spider:4: spider_rune_water
Orc:1:    layout_caves, basic_altar, serial_shops, nicolae_lakefront_shop
Orc:2:    kennysheep_orc_mage_school, layout_diamond_mine
Vaults:1: grunt_vaults_focal, vaults_mumra_chevron_long, v_misc_5,
          vaults_mumra_hex, vaults_room_grid, vaults_dpeg_doors,
          vaults_mumra_hexcomb, ontoclasm_vaults_ring_small,
          nicolae_vaults_circle_grid_a, v_misc_17, vaults_room_semicircle,
          layout_vaults_omnicross
Vaults:2: ontoclasm_vaults_spin, vaults_mumra_minichess,
          vaults_standard_mumra_lines, ontoclasm_vaults_decontamination,
          vaults_room_ringed_pool, dpeg_vaults_pockets_of_resistance,
          hangedman_vaults_stretched_pinwheel, hangedman_vaults_stream,
          ontoclasm_vaults_pinch, v_pattern_2, dpeg_vaults_monster_row,
          nicolae_vaults_little_squares_4, layout_vaults_ring,
          serial_hangedman_research
Vaults:3: ontoclasm_vaults_ring_large, hangedman_vaults_restitches,
          grunt_vaults_diagonal, vaults_room_fours,
          nicolae_vaults_network_periphery, vaults_dpeg_encased_lava, v_misc_2,
          layout_vaults_omnigrid, minmay_crypt_entry_skeletal_spiral,
          serial_shops, nicolae_square_shop
Vaults:4: portal_desolation_entry_nicolae_slug, v_misc_15, v_pattern_3,
          v_rooms_2, hangedman_vaults_stretched_pinwheel,
          nicolae_vaults_ring_of_whatevers, vaults_room_door_hall,
          nicolae_vaults_alarming, serial_ice_g, layout_vaults_chaotic_city
Vaults:5

Skill      XL: |  1  2  3  4  5  6  7  8  9 10 11 12 13 14 15 16 17 18 19 20 21 22 |
---------------+-------------------------------------------------------------------+-----
Fighting       | 4 5 6 7 9 10 12 15 17 18 20 21 | 21.9
Short Blades   | 1 2 3 4 5 6 |  6.0
Armour         | 1 2 3 4 5 7 8 11 13 15 16 18 | 18.7
Axes           | 5 6 7 8 10 13 16 18 | 18.0
Shields        | 4 7 10 15 20 | 20.3
Evocations     | 8 10 | 10.9
Dodging        | 5 8 10 11 12 14 15 | 15.5
Stealth        | 12 13 | 13.1
Spellcasting   | |  1.0
Fire Magic     | |  3.3

Action                   |  1- 3 |  4- 6 |  7- 9 | 10-12 | 13-15 | 16-18 | 19-21 | 22-24 || total
-------------------------+-------+-------+-------+-------+-------+-------+-------+-------++-------
Melee: Hand axe          |    13 |    27 |    81 |    35 |    25 |       |       |       ||   181
       Dagger            |   102 |   201 |   163 |       |       |       |       |       ||   466
       Punch             |     1 |     1 |     5 |       |       |       |       |       ||     7
       Trident           |       |       |   131 |       |       |       |       |       ||   131
       Battleaxe         |       |       |    53 |    13 |       |       |       |       ||    66
       Broad axe         |       |       |       |   392 |   864 |  1249 |  1143 |   362 ||  4010
Throw: Throwing net      |       |       |       |     1 |       |       |     1 |       ||     2
Evoke: Wand              |       |       |     2 |    11 |       |     1 |     8 |       ||    22
       Piece from Xom's  |       |       |       |       |     2 |     8 |       |       ||    10
  Use: Scroll            |     4 |       |     8 |    26 |    10 |     5 |     7 |     4 ||    64
       Potion            |       |     1 |     2 |     3 |       |     7 |     5 |     2 ||    20
 Stab: Held in net/web   |       |       |       |     1 |       |       |       |       ||     1
       Sleeping          |       |       |       |     1 |     2 |     1 |     2 |       ||     6
       Distracted        |       |       |       |       |     2 |     1 |       |     4 ||     7
       Petrified         |       |       |       |       |     3 |       |       |       ||     3
       Confused          |       |       |       |       |       |     1 |       |       ||     1
Armor: Robe              |    12 |       |       |       |       |       |       |       ||    12
       Plate armour      |    77 |   161 |   275 |   175 |       |       |       |       ||   688
       Swamp dragon scal |       |       |       |   103 |   360 |   634 |   455 |    95 ||  1647
Dodge: Dodged            |    42 |    47 |    99 |   149 |   342 |   681 |   631 |   171 ||  2162
Block: Buckler           |       |       |       |    99 |   172 |       |       |       ||   271
       Kite shield       |       |       |       |       |   105 |  1155 |  1026 |   254 ||  2540
       Reflection        |       |       |       |       |       |     9 |    61 |     2 ||    72
